 Dungeon Crawl Stone Soup version 0.22.1-1-ga44c0e5 (webtiles) character file.

578 Starchild the Spear-Bearer (level 7, -1/52 HPs)
             Began as a Merfolk Abyssal Knight on Sept 25, 2018.
             Was a Priest of Lugonu.
             Succumbed to a scorpion's poison
             ... on level 4 of the Dungeon.
             The game lasted 00:13:58 (4656 turns).

Starchild the Spear-Bearer (Merfolk Abyssal Knight) Turns: 4656, Time: 00:13:59

Health: -1/52      AC:  6    Str: 19    XL:     7   Next: 36%
Magic:  10/10      EV: 12    Int: 12    God:    Lugonu [***...]
Gold:   164        SH:  0    Dex: 13    Spells: 6/6 levels left

rFire    . . .     SeeInvis .   a - +1 spear
rCold    . . .     Gourm    .   (no shield)
rNeg     . . .     Faith    .   b - +1 leather armour
rPois    .         Spirit   .   j - +2 hat
rElec    .         Reflect  .   (no cloak)
rCorr    .         Harm     .   (no gloves)
MR       .....                  (no boots)
Stlth    +.........             (no amulet)
HPRegen  0.17/turn              (no ring)
MPRegen  0.12/turn              m - ring of wizardry

@: mighty, lethally poisoned (-1 -> -15), berserk cooldown, slowed, very slow
A: change form in water, swift swim, stealthy swim
a: Depart the Abyss, Bend Space, Banish, Renounce Religion


You were on level 4 of the Dungeon.
You worshipped Lugonu.
Lugonu was most pleased with you.
You were not hungry.

You visited 1 branch of the dungeon, and saw 5 of its levels.
You visited the Abyss 1 time.

You collected 164 gold pieces.

Inventory:

Hand Weapons
 a - a +1 spear (weapon)
Missiles
 h - 182 stones (quivered)
Armour
 b - a +1 leather armour (worn)
 j - a +2 hat (worn)
Jewellery
 m - a ring of wizardry (right hand)
 p - an uncursed ring of protection from magic {unknown}
Scrolls
 g - 2 scrolls of teleportation
 k - a scroll of remove curse
 l - 6 scrolls of identify
 o - a scroll of fog
Potions
 d - a potion of berserk rage
 e - a potion of haste
 f - a potion of might
 i - 2 potions of heal wounds {unknown}
 n - 2 potions of curing {unknown}
Comestibles
 c - 10 rations


   Skills:
 - Level 3.2 Fighting
 + Level 9.7 Polearms
 - Level 0.6 Armour
 - Level 2.6 Dodging
 * Level 4.8 Invocations


You had 6 spell levels left.
You didn't know any spells.
Your spell library was empty.

Dungeon Overview and Level Annotations

Branches:
Dungeon (5/15)             Temple (0/1) D:4

Altars:

Shops:
D:4 }


Message History

You feel sick.
You puncture the scorpion!
You kill the scorpion!
Lugonu accepts your kill.
* * * LOW HITPOINT WARNING * * *
You feel sick.
You see here a scorpion corpse.
There is a lethal amount of poison in your body!
You feel a strong urge to attack something.
* * * LOW HITPOINT WARNING * * *
You feel sick.
You are too berserk!
You feel your anger nearly subside.
You are no longer berserk.
You are exhausted.
You feel yourself slow down.
* * * LOW HITPOINT WARNING * * *
You feel sick.
It was a potion of might.
You feel very mighty all of a sudden.
You die...

.# #.#.# #.#
#............ ## #.#.#
#.# #.....######. #.#.#
#.# #......... .. #.#.#
#.########.....#######
#####.#.#
#.............##
......#.#
###############
.######.######## .#
#.........########
#####
.#####.###......@.....#
#.... .......#
#####.######.# #.###
.####### #.# #.# #.# .#
##.## ##.## #.## .#
##...####...## #..# .#
##.#.#.##.....######.#
.#
#<##..#...<..........#
.####
##.##...#.###.######.#
....# ###.#.#.#.# #.#
#.#


There were no monsters in sight!

Vanquished Creatures
  A sky beast (D:3)
  An ogre (D:4)
  2 scorpions
  A bullfrog skeleton (D:4)
  A hound (D:4)
  Jessica (D:2)
  Ijyb (D:4)
  Natasha (twice) (D:3)
  A worker ant (D:4)
  A hound skeleton (D:4)
  Robin (D:2)
  2 oozes
  2 worms
  4 dart slugs
  A leopard gecko (D:4)
  5 orcs
  6 giant cockroaches
  16 goblins
  9 hobgoblins
  8 jackals
  A quokka (D:2)
  8 bats
  2 frilled lizards
  A jackal skeleton (D:3)
  A jackal zombie (D:3)
  6 kobolds
  4 rats
89 creatures vanquished.

Notes
Turn   | Place    | Note
-------+----------+-------------------------------------------
     0 | Abyss:1  | Starchild the Merfolk Abyssal Knight began the quest for
                  | the Orb.
     0 | Abyss:1  | Reached XP level 1. HP: 18/18 MP: 2/2
    10 | D:1      | Escaped the Abyss
   286 | D:1      | Reached XP level 2. HP: 22/24 MP: 3/3
   596 | D:1      | Reached skill level 4 in Polearms
   596 | D:1      | Reached XP level 3. HP: 29/29 MP: 5/5
   783 | D:1      | Reached ** piety under Lugonu
  1350 | D:2      | Noticed Robin
  1372 | D:2      | Killed Robin
  1372 | D:2      | Reached skill level 5 in Polearms
  1372 | D:2      | Reached XP level 4. HP: 23/35 MP: 6/6
  1570 | D:2      | You fall through a shaft for 2 floors!
  1634 | D:3      | Reached skill level 6 in Polearms
  1634 | D:3      | Reached XP level 5. HP: 27/41 MP: 7/7
  1999 | D:3      | Noticed Jessica
  2168 | D:2      | Killed Jessica
  2573 | D:3      | Noticed a sky beast
  2610 | D:3      | Killed a sky beast
  2610 | D:3      | Reached skill level 7 in Polearms
  2610 | D:3      | Reached XP level 6. HP: 30/47 MP: 7/9
  2740 | D:3      | Noticed Natasha
  2793 | D:3      | Killed Natasha
  2814 | D:3      | Reached *** piety under Lugonu
  2844 | D:3      | Noticed Natasha
  3125 | D:3      | Killed Natasha
  3227 | D:3      | Reached skill level 8 in Polearms
  3648 | D:4      | Found a staircase to the Ecumenical Temple.
  3985 | D:4      | Found Hownoatwo's Gadget Boutique.
  4039 | D:4      | Reached skill level 9 in Polearms
  4039 | D:4      | Reached XP level 7. HP: 49/52 MP: 10/10
  4069 | D:4      | Noticed Ijyb
  4185 | D:4      | Killed Ijyb
  4600 | D:5      | Entered Level 5 of the Dungeon
  4653 | D:4      | HP: 2/78 [poisoned by a scorpion]
  4656 | D:4      | Succumbed to a scorpion's poison

Skill      XL: |  1  2  3  4  5  6 |
---------------+-------------------+-----
Polearms       | 4 5 6 7 9 |  9.7
Invocations    | 3 4 |  4.8
Fighting       | |  3.2
Armour         | |  0.6
Dodging        | |  2.6

Action                   |  1- 3 |  4- 6 |  7- 9 || total
-------------------------+-------+-------+-------++-------
Melee: Spear             |   145 |   242 |   131 ||   518
Throw: Stone             |     5 |     4 |       ||     9
Invok: Bend Space        |       |     2 |       ||     2
  Use: Scroll            |     4 |     2 |       ||     6
       Potion            |       |     1 |     2 ||     3
 Stab: Sleeping          |     1 |     1 |       ||     2
       Distracted        |       |     1 |       ||     1
  Eat: Chunk             |       |     9 |       ||     9
       Ration            |       |       |     1 ||     1
Armor: Leather armour    |    37 |       |    23 ||    60
       Robe              |     3 |    62 |       ||    65
Dodge: Dodged            |    87 |   145 |    42 ||   274
